[Event "Croatian 1A League 2022"]
[Site "Porec"]
[Date "2022.09.28"]
[Round "5.16"]
[White "Trbojevic, Mladen"]
[Black "Petkov, Vladimir"]
[Result "0-1"]
[ECO "B30"]
[WhiteElo "2332"]
[BlackElo "2451"]
[Annotator "TA"]
[PlyCount "66"]
[EventDate "2022.09.24"]
[EventType "team-tourn"]
[EventCountry "CRO"]
[SourceTitle "playchess.com"]
[Source "ChessBase"]
[SourceQuality "1"]
[TimeControl "40/5400+30:1800+30"]

1. e4 c5 2. Nf3 Nc6 3. Bb5 e6 4. O-O Nge7 5. Re1 a6 6. Bf1 d5 7. exd5 Nxd5 8. d4 Be7 9. dxc5 O-O 10. c4 Nf6 11. Nc3 {[%emt 0:03:37] B30: Sicilian: 2...Nc6 3 Bb5, lines without ...g6.} Bxc5 12. Qxd8 Rxd8 13. Bf4 {[%emt 0:00:24] White has an edge.} Bd7 {[%emt 0:08:56] [#]} 14. Red1 $146 ({Predecessor:} 14. Rad1 Be8 15. Be3 Bxe3 16. fxe3 Rxd1 17. Rxd1 Ng4 18. e4 Rc8 19. Be2 Nce5 20. Rd4 {½-½ (65) Learte Pastor,T (2371)-Bures,J (2483) ICCF email 2009}) 14... Ne7 15. Ne5 Be8 16. Be2 Nf5 17. Bf3 Bd4 (17... Rd4 $1 $11 {keeps the balance.} 18. Ne2 (18. Bxb7 Ra7 $17) (18. Rxd4 Bxd4 19. g4 Nh4 $14) 18... Rxd1+ 19. Rxd1 Nh4) 18. Rab1 ({But not} 18. Bxb7 Rab8 19. Bf3 Rxb2 $11) (18. g4 $16 Nh4 19. Bxb7) 18... g5 $1 $15 19. Rxd4 Nxd4 20. Bxg5 Nxf3+ 21. gxf3 Kg7 22. Kh1 {[%emt 0:03:41] Black must now prevent Rg1.} Nd7 (22... Nh5 $15 23. Bxd8 Rxd8) 23. Bxd8 $11 Nxe5 24. Rg1+ $1 Ng6 25. Bb6 f5 26. Ne2 e5 27. Ng3 {[%emt 0:00:40] [#]} (27. Rd1 $11) 27... Bc6 $1 $17 28. Kg2 {[%emt 0:00:34] [#]} ({Don't go for} 28. Nxf5+ $2 Kf6 29. Rxg6+ hxg6 $19) (28. h3 $17) 28... Kf6 $2 ({Black should try} 28... Nh4+ $1 $19 29. Kh3 Nxf3) 29. Rd1 $1 $15 Nf4+ 30. Kf1 Bxf3 31. Rd6+ Ne6 32. Ne2 Ke7 33. Rd3 $2 (33. Rd2 $1 $15) 33... Bxe2+ {[%emt 0:00:06] Weighted Error Value: White=0.52/Black=0.23 (precise)} 0-1

[Event "Croatian 1A League 2022"]
[Site "Porec"]
[Date "2022.09.28"]
[Round "5.17"]
[White "Zelcic, Robert"]
[Black "Vernacki, Srdjan"]
[Result "1/2-1/2"]
[ECO "B53"]
[WhiteElo "2495"]
[BlackElo "2280"]
[Annotator "TA"]
[PlyCount "105"]
[EventDate "2022.09.24"]
[EventType "team-tourn"]
[EventCountry "CRO"]
[SourceTitle "playchess.com"]
[Source "ChessBase"]
[SourceQuality "1"]
[TimeControl "40/5400+30:1800+30"]

1. e4 c5 2. Nf3 e6 3. Nc3 d6 4. d4 cxd4 5. Qxd4 Nc6 6. Bb5 Bd7 7. Bxc6 Bxc6 8. Bg5 Nf6 9. O-O-O Be7 10. Qd3 O-O 11. Nd4 Rc8 12. f4 a6 13. Kb1 {[%emt 0:19:05] B53: Sicilian: 2...d6: Lines with Qxd4.} b5 14. e5 Ne8 15. Nxc6 {[%emt 0:02:21] White is slightly better.} Rxc6 16. Ne4 {[%emt 0:00:20] Black must now prevent exd6.} d5 {[%emt 0:09:37] [#]} 17. Rhe1 $146 ({Predecessor:} 17. Bxe7 Qxe7 18. Ng5 f5 19. Nf3 Nc7 20. Nd4 Rc4 21. b3 Rc5 22. Qd2 Ra8 23. g4 fxg4 {1-0 (39) Hoang,C (2408)-Tran,Q (2286) Vietnam 2016}) 17... h6 18. Bxe7 (18. h4 $5) 18... Qxe7 19. Ng3 f5 {[%emt 0:02:12] [#]} (19... Rc4 $11 {remains equal.}) 20. exf6 ({Better is} 20. Ne2 $1 $16) 20... Nxf6 $11 21. Nf5 {[%emt 0:00:12] Prevents Qd6.} Qf7 22. Nd4 Rd6 23. Qa3 Qd7 24. f5 exf5 {[%emt 0:00:27] [#]} 25. Nxf5 $1 Re6 {[%emt 0:00:22] Hoping for ...Rxe1.} 26. Rf1 Rfe8 27. Nd4 Rd6 28. Qb3 Kh8 29. a3 Rb6 30. Qb4 Qd6 31. g3 Re4 32. Qxd6 Rxd6 33. c3 Rd8 34. Kc2 (34. Rd2 $14 {keeps the upper hand.}) 34... Ng4 $17 35. Nf5 Nxh2 36. Rfe1 {[%emt 0:00:42] [#]} ({White should play} 36. Rf4 Rxf4 37. gxf4) 36... Rf8 $1 37. Ne7 Rf2+ 38. Kb3 (38. Kc1 $17 {was worth a try.}) 38... Nf3 $19 39. Rxe4 dxe4 {[%emt 0:00:08][%mdl 4096] Endgame KRN-KRN} 40. Nd5 Ne5 41. a4 (41. Kb4 $142) 41... Nd3 ({And not} 41... bxa4+ 42. Kxa4 Rxb2 43. Re1) 42. axb5 axb5 ({Don't go for} 42... Rxb2+ $2 43. Kc4 axb5+ 44. Kd4) 43. Ka3 Rf5 ({Inferior is} 43... Nxb2 44. Re1) 44. Nb4 Rf3 (44... Nf2 $17 45. Rd5 Rf3 46. Rxb5 Rxg3) 45. Nxd3 $11 Rxd3 {[%emt 0:00:13] KR-KR} 46. Rg1 (46. Rb1 $11 {keeps the balance.}) 46... e3 (46... Kh7 $17 {Strongly threatening ...e3.} 47. Kb4 Kg6 48. Kxb5 Kf5 49. Rf1+ Rf3) 47. Kb4 {[%emt 0:00:17] The position is equal.} e2 {[%emt 0:02:09] ...Rd1 is the strong threat.} 48. Re1 Rxg3 49. Kxb5 Re3 {[%emt 0:03:02] aiming for ...g5.} 50. Kc4 Kg8 51. b4 Kf7 52. Kd4 Re6 53. Kd3 {[%emt 0:02:10] White happily takes the draw.  Weighted Error Value: White=0.23 (precise) /Black=0.19 (very precise)} 1/2-1/2

[Event "Croatian 1A League 2022"]
[Site "Porec"]
[Date "2022.09.28"]
[Round "5.18"]
[White "Tomasic, Roland"]
[Black "Jankovic, Alojzije"]
[Result "0-1"]
[ECO "B47"]
[WhiteElo "2126"]
[BlackElo "2548"]
[Annotator "TA"]
[PlyCount "44"]
[EventDate "2022.09.24"]
[EventType "team-tourn"]
[EventCountry "CRO"]
[SourceTitle "playchess.com"]
[Source "ChessBase"]
[SourceQuality "1"]
[TimeControl "40/5400+30:1800+30"]

1. e4 c5 2. Nf3 e6 3. d4 cxd4 4. Nxd4 Nc6 5. Nc3 Qc7 {[%emt 0:00:15] [#]} 6. Qf3 $146 {[%emt 0:00:39][%mdl 8192] [#] B47: Sicilian: Taimanov: 5 Nc3 Qc7 6 f4, 6 g3 and 6 Be2.} ({Predecessor:} 6. Nxc6 bxc6 7. Qd3 d5 8. Qg3 Qxg3 9. hxg3 Nf6 10. Be2 Bb4 11. Bd2 Rb8 12. f3 d4 13. Nd1 Bxd2+ 14. Kxd2 {1-0 (55) Nakamura,H (2760)-Moussard,J (2672) Chess.com INT 2022}) 6... Nxd4 $19 7. Qd1 Nc6 8. Bd3 {[%emt 0:00:47] Black is winning.} Nf6 9. g4 d5 {[%emt 0:00:59][%cal Bd7d5,Bd5e4][%mdl 32] Black is clearly winning.} 10. Nb5 Qb8 11. g5 Nxe4 12. Bxe4 dxe4 13. Be3 a6 14. Nc3 Bb4 15. Qg4 Qe5 16. O-O Bxc3 17. bxc3 Qf5 18. Qg3 Ne5 19. f3 Nxf3+ 20. Kh1 O-O 21. Rad1 e5 22. Rd6 Be6 {[%emt 0:00:33] White did not feel at home in the position after the opening.  Weighted Error Value: White=0.78/Black=0.10 (very precise)} 0-1

[Event "Croatian 1A League 2022"]
[Site "Porec"]
[Date "2022.09.28"]
[Round "5.19"]
[White "Kaczur, Florian"]
[Black "Donchenko, Alexander"]
[Result "1/2-1/2"]
[ECO "B11"]
[WhiteElo "2483"]
[BlackElo "2639"]
[Annotator "TA"]
[PlyCount "41"]
[EventDate "2022.09.24"]
[EventType "team-tourn"]
[EventCountry "CRO"]
[SourceTitle "playchess.com"]
[Source "ChessBase"]
[SourceQuality "1"]
[TimeControl "40/5400+30:1800+30"]

1. e4 c6 2. Nc3 d5 3. Nf3 dxe4 4. Nxe4 Nf6 5. Qe2 Nxe4 6. Qxe4 Nd7 {[%emt 0:00:07] B11: Caro-Kann: Two Knights Variation.} 7. d4 Nf6 8. Qd3 g6 {[%emt 0:00:16] White has an edge.} 9. Be2 Bf5 10. Qb3 Qb6 11. c3 Bg7 12. O-O O-O 13. Bf4 {[%emt 0:06:01] [#]} Nd5 $146 ({Predecessor:} 13... Rac8 14. Be5 Rfd8 15. Bc4 Qxb3 16. axb3 a6 17. b4 Nd5 18. Bxg7 Kxg7 19. Rfe1 Re8 {1-0 (54) Fishbein,A (2434)-Jeet,J (2279) Chess.com INT 2022}) 14. Bg3 Bh6 15. Rfe1 Rad8 16. Qa3 Rc8 17. Ne5 c5 (17... f6 $14) 18. Nc4 $16 Qc6 19. Ne5 ({Resist} 19. Qxa7 cxd4 20. Qxd4 Rfd8 $16) 19... Qb6 20. Nc4 Qc6 21. Ne5 {[%emt 0:05:30] Weighted Error Value: White=0.25 (precise) /Black=0.11 (very precise)} (21. Na5 $16 Qb6 22. Bf3) 1/2-1/2

[Event "Croatian 1A League 2022"]
[Site "Porec"]
[Date "2022.09.28"]
[Round "5.20"]
[White "Livaic, Leon"]
[Black "Janzelj, Tim"]
[Result "1/2-1/2"]
[ECO "A80"]
[WhiteElo "2565"]
[BlackElo "2456"]
[Annotator "TA"]
[PlyCount "121"]
[EventDate "2022.09.24"]
[EventType "team-tourn"]
[EventCountry "CRO"]
[SourceTitle "playchess.com"]
[Source "ChessBase"]
[SourceQuality "1"]
[TimeControl "40/5400+30:1800+30"]

1. Nf3 f5 2. d4 Nf6 3. Bf4 d6 4. e3 g6 5. h3 Bg7 6. Bc4 {[%emt 0:02:17] A80: Dutch Defence: Unusual White second moves.} e6 7. Nc3 Qe7 8. Qe2 a6 9. a4 {[%emt 0:02:06] [#]} Nc6 $146 ({Predecessor:} 9... b6 10. O-O-O Bb7 11. Ng5 d5 12. Bb3 h6 13. Nf3 c5 14. dxc5 bxc5 15. a5 g5 16. Bxb8 Rxb8 {1-0 (50) Savchenko,B (2573)-Temirkanov,D (2282) Chess.com INT 2020}) 10. Bh2 O-O 11. a5 Kh8 12. O-O e5 13. dxe5 dxe5 14. Rfd1 e4 15. Nd2 (15. Nd4 $5 ) 15... Ne5 16. Bb3 g5 17. f4 exf3 $1 18. Nxf3 Nxf3+ 19. Qxf3 g4 20. Qf4 Nh5 21. Qxc7 (21. Nd5 $11 Qh4 22. Qa4 (22. Qxc7 $2 g3 $19)) 21... Qxe3+ $19 22. Kh1 {[%emt 0:00:05] Rd3 is the strong threat.} gxh3 23. Rd3 $2 (23. Bd5 f4 24. Rd3 hxg2+ 25. Bxg2) 23... hxg2+ 24. Kxg2 Qg5+ 25. Kh1 f4 {[%emt 0:00:32] And now ...Bf5 would win.} 26. Rg1 Ng3+ $2 ({Black should play} 26... Qh4 $19 27. Bd5 Bg4 28. Rxg4 Qxg4) 27. Bxg3 $15 fxg3 28. Qxg3 Qh6+ 29. Qh2 Qxh2+ 30. Kxh2 Bf5 31. Rf3 Be5+ 32. Kg2 (32. Kh1 $1 $15) 32... Rad8 $19 33. Re1 $2 (33. Kf1 {was necessary.}) 33... Rd2+ 34. Kh1 Bg7 {[%emt 0:10:32] This bishop pair is nice.} (34... Bxc3 $19 35. bxc3 {[#]} (35. Rxc3 Be4+ 36. Kg1 Rg2+ 37. Kh1 Rxc2+ 38. Kg1 Rg2+ 39. Kh1 Rxb2+ 40. Kg1 Rg2+ 41. Kh1 Re2+ 42. Kg1 Rg2+ 43. Kh1 Rc2+ 44. Kg1 Rxc3 45. Rxe4 Rxb3 46. Kh2 Rg8 47. Rh4 Rb5 48. Rh3 Rxa5 49. Rh6 Rag5 50. Kh3 a5 51. Rh4 R5g6 52. Rf4 b5 53. Re4 b4 54. Rf4 b3 55. Re4 b2 56. Rf4 b1=Q) 35... Be4 $1 36. Rxe4 Rxf3) 35. Ref1 $36 {[%emt 0:07:09][%mdl 2048] White has good play. The position is equal.} Rf6 {[%emt 0:01:06] White must now prevent ...Rh6+.} 36. Rxf5 Rh6+ 37. Kg1 Rg6+ 38. Kh1 {[%emt 0:00:01] aiming for Rh5.} Rh6+ 39. Kg1 {[%emt 0:00:02][%cal Of5f8] Hoping for Rf8+!} Bd4+ 40. R1f2 $1 Rxf2 41. Rxf2 Rf6 {[%emt 0:00:14][%mdl 64] [#] Pin} 42. Ne4 Rf5 {[%emt 0:00:16][%mdl 64] Pin} 43. Kg2 Bxf2 44. Nxf2 Rxa5 45. Ne4 Ra1 46. Bd5 b5 47. b4 a5 48. bxa5 Rxa5 49. Kf3 Kg7 50. Kf4 b4 51. Bc4 h5 52. Nf2 Rc5 53. Bb3 Rb5 54. Bc4 Rc5 55. Bb3 Kh6 56. Nd3 Rg5 57. Be6 Rb5 58. Ke4 Rb6 59. Kd5 h4 60. Bh3 b3 61. cxb3 {[%emt 0:00:04] Weighted Error Value: White=0.42/Black=0.21 (precise)} 1/2-1/2

[Event "Croatian 1A League 2022"]
[Site "Porec"]
[Date "2022.09.28"]
[Round "5.21"]
[White "Ivekovic, Bozidar"]
[Black "Christiansen, Johan-Sebastian"]
[Result "0-1"]
[ECO "C34"]
[WhiteElo "2407"]
[BlackElo "2583"]
[Annotator "TA"]
[PlyCount "36"]
[EventDate "2022.09.24"]
[EventType "team-tourn"]
[EventCountry "CRO"]
[SourceTitle "playchess.com"]
[Source "ChessBase"]
[SourceQuality "1"]
[TimeControl "40/5400+30:1800+30"]

1. e4 e5 2. f4 exf4 3. Nf3 Nf6 4. e5 Nh5 5. d4 d6 6. Bc4 {[%emt 0:04:37] C34: King's Gambit Accepted: 3 Nf3: 3...Nf6 and 3...d6.} d5 7. Bb3 {[%emt 0:02:15] [#]} g5 $146 ({Predecessor:} 7... Be7 8. O-O O-O 9. Ne1 g6 10. Bxf4 Nxf4 11. Rxf4 Bg5 12. Rf1 Be6 13. Nd2 c5 14. dxc5 {½-½ (52) Megias,E (1586)-Korning,P (1961) London 2019}) 8. Nc3 {[%emt 0:04:56] Black is better.} c6 ({Much worse is} 8... g4 9. O-O $11) 9. g4 (9. Ng1 $17 {might work better.} g4 10. Kf1) 9... Bxg4 $19 {[%emt 0:19:08] And now ...h6 would win.} 10. Rg1 Qd7 11. h3 Bxf3 (11... Bxh3 12. Nxg5 Ng7 13. Bxf4 $11) 12. Qxf3 Ng3 13. Rxg3 (13. Bd2 $17) 13... fxg3 14. Bxg5 Rg8 ({Stronger than} 14... Qxh3 15. Nxd5 cxd5 16. Bxd5 $11) 15. Bf6 {[%emt 0:07:50] [#]} (15. Be3) 15... Na6 ({Don't blunder} 15... g2 $2 16. Kf2 $19) 16. Nxd5 $2 (16. O-O-O Nc7 17. Rg1) 16... cxd5 {[%emt 0:04:00] Black is clearly winning.} 17. Bxd5 g2 18. Kf2 Nb4 {[%emt 0:00:18] Weighted Error Value: White=1.26/Black=0.38} 0-1

[Event "Croatian 1A League 2022"]
[Site "Porec"]
[Date "2022.09.28"]
[Round "5.22"]
[White "Martinovic, Sasa"]
[Black "Ostovic, Matija"]
[Result "1-0"]
[ECO "D20"]
[WhiteElo "2546"]
[BlackElo "2386"]
[Annotator "TA"]
[PlyCount "87"]
[EventDate "2022.09.24"]
[EventType "team-tourn"]
[EventCountry "CRO"]
[SourceTitle "playchess.com"]
[Source "ChessBase"]
[SourceQuality "1"]
[TimeControl "40/5400+30:1800+30"]

1. d4 d5 2. c4 dxc4 3. e4 e5 4. Nf3 Bb4+ 5. Nc3 exd4 6. Nxd4 Ne7 {[%emt 0:00:53] 6...Nd7 injects fresh life into this line. D20: Queen's Gambit Accepted: 3 e3 and 3 e4.} 7. a3 Nbc6 8. axb4 ({Avoid the trap} 8. Bxc4 $2 Qxd4 9. Qxd4 Nxd4 $17) 8... Qxd4 {[%emt 0:01:01] White is slightly better.} 9. Be3 Qxd1+ 10. Rxd1 Nxb4 11. Nb5 Na6 12. Bxc4 {[%emt 0:00:08] [#]} Be6 $146 ({Predecessor:} 12... Nc6 13. f4 Be6 14. Be2 O-O 15. Kf2 f5 16. exf5 Bxf5 17. g4 Be4 18. Rhe1 Ncb4 {1-0 (52) Van Wely,L (2663)-Stevic,H (2600) Chartres 2017}) 13. Bxe6 fxe6 14. Nxa7 c6 15. Ke2 Ng6 16. Rd2 Ne5 17. b3 {[%emt 0:05:30][%cal Bb2b3,Bb3b4][%mdl 32] Prevents Nc4.} Nd7 (17... Rf8 $11 {keeps the balance.}) 18. f3 (18. b4 $5) 18... Nac5 {[%emt 0:15:56] [#]} 19. Rhd1 $1 Rf8 (19... Rxa7 $2 20. Bxc5 b6 21. Bxb6 $1 $18 ) 20. b4 Rxa7 21. bxc5 Rf7 22. e5 h6 23. f4 Re7 24. Rb2 Nb8 25. g4 Na6 26. Ra1 {[%emt 0:02:30] White is much more active. The black rooks are badly placed.} Ra8 $1 27. Rab1 Ra7 28. h4 Kd8 (28... Nc7 $14) 29. h5 $36 {[%emt 0:00:02][%mdl 2048] White is really pushing.} Kc8 (29... Ke8 $16 30. Rb3 Nc7) 30. Ra1 $18 Kc7 31. Kf3 Rf7 (31... Ra8 $142 32. Rab1 Kc8) 32. Kg3 Ra8 {[%emt 0:00:32] [#]} 33. Rab1 (33. f5 $1 $18) 33... Rb8 $2 {[%emt 0:00:39] A mistake that costs the game.} (33... Kc8 $16 {is a better defense.}) 34. f5 Rd7 $2 (34... exf5 35. e6 f4+ 36. Bxf4+ Rxf4 37. Kxf4 Rf8+ 38. Kg3 Nxc5) 35. f6 {[%emt 0:01:55] White is clearly winning.} b5 36. cxb6+ Kb7 37. fxg7 Rxg7 38. Bxh6 Rh7 39. Be3 Rd8 40. Rd2 Rxd2 41. Bxd2 {[%emt 0:01:32] Strongly threatening Be3.} Nc5 42. Be3 Ne4+ 43. Kf3 Nc3 44. Ra1 {[%emt 0:00:08] Weighted Error Value: White=0.09 (flawless) /Black=0.39} 1-0

[Event "Croatian 1A League 2022"]
[Site "Porec"]
[Date "2022.09.28"]
[Round "5.23"]
[White "Ivekovic, Zvonimir"]
[Black "Kurajica, Bojan"]
[Result "1-0"]
[ECO "B23"]
[WhiteElo "2380"]
[BlackElo "2488"]
[Annotator "TA"]
[PlyCount "117"]
[EventDate "2022.09.24"]
[EventType "team-tourn"]
[EventCountry "CRO"]
[SourceTitle "playchess.com"]
[Source "ChessBase"]
[SourceQuality "1"]
[TimeControl "40/5400+30:1800+30"]

1. e4 c5 2. Nc3 e6 3. g3 d5 4. Bg2 d4 5. Nce2 d3 6. cxd3 Qxd3 7. Nf3 {[%emt 0:00:51] B23: Closed Sicilian: Lines without g3.} Nc6 {[%emt 0:04:27] Prevents Ne5.} 8. O-O e5 {[%emt 0:19:34] [#]} 9. Nc3 $146 {[%emt 0:10:41] The position is equal.} ({Predecessor:} 9. Ne1 Qa6 10. Nc3 Nf6 11. d3 Be7 12. Bg5 Bg4 13. Qd2 Nd4 14. Nc2 Be6 15. Nxd4 cxd4 {1-0 (53) Krapivin,A (2495)-Zhadanov,N (2231) Moscow 2011}) 9... Be6 10. Nd5 {[%emt 0:01:48] And now Re1 would win.} Bd6 $1 (10... Bxd5 $2 11. exd5 (11. Ne1 Bb3 $11) 11... Nd4 12. Nxe5 $18) 11. Re1 Qb5 (11... Bg4 $1 $11) 12. b4 $1 $16 Nxb4 13. Rb1 Qd7 14. d4 exd4 15. Nxb4 cxb4 16. Qxd4 Be7 17. e5 {[%emt 0:11:54] Prevents Nf6.} (17. Qxg7 Bf6 18. Bb2 Bxg7 $17) 17... Rc8 18. Qxd7+ ({Don't blunder} 18. Qxa7 $2 Bc5 19. Qa5 b6 $19) 18... Bxd7 19. Nd4 Rc4 (19... Bc5 $1 $14 20. e6 (20. Bxb7 Bxd4 21. Bxc8 Bxc8 $15) 20... fxe6 21. Nxe6 Bxe6) 20. Bb2 {[%emt 0:02:43][%mdl 1024] White has strong compensation.} b5 (20... h5 $16) 21. Rbd1 ({White should play} 21. Bd5 $18) 21... Bg4 (21... h5 $16 22. e6 fxe6 23. Nxe6 Bxe6) 22. Rd2 $1 $18 (22. Nxb5 Bxd1 23. Nd6+ Bxd6 24. exd6+ Kd7 $16) 22... a6 23. e6 (23. h3 $18 Be6 24. Bb7) 23... Nf6 $16 24. h3 Bxe6 25. Nxe6 fxe6 26. Rxe6 {[%emt 0:00:34] Black must now prevent Rde2.} Kf7 27. Rde2 $36 {[%emt 0:00:08][%mdl 2048] White has strong initiative. White is much more active.} Bc5 28. Bxf6 gxf6 29. Bd5 Rc1+ 30. Kg2 {[%emt 0:00:01] Threatens to win with Rc6+.} Kg7 31. Rxa6 Rd8 {[%emt 0:00:10] [#]} 32. Bb3 Rc3 33. Rc6 Bf8 34. Rb6 Rcd3 35. Rxb5 Rd2 36. Re4 {[%emt 0:00:20] Strongly threatening Rg4+.} R2d4 37. Re3 R4d7 38. Re4 {[%emt 0:03:04] Rg4+ is the strong threat.} Rd4 $1 39. Re3 R4d7 $1 40. Rf3 Rc7 41. Rh5 Rd4 42. Rhf5 Be7 43. h4 Rc5 44. R5f4 Rxf4 45. Rxf4 {[%emt 0:00:11][%mdl 4096] Endgame KRB-KRB} Rc7 46. Rg4+ Kh6 47. Rg8 f5 48. Ra8 Kg7 49. Ra6 f4 {[%emt 0:02:07] [#]} 50. h5 $1 {[%emt 0:00:05] aiming for h6+.} ({But not} 50. gxf4 Bxh4 51. Ra5 Kg6 $16) 50... Bg5 {[%emt 0:00:17] Prevents h6+.} 51. g4 h6 (51... Rd7 $16 {keeps fighting.} 52. Rb6 Rd4 53. Rb7+ Kh8) 52. Rb6 $18 Rc3 53. Rb7+ Kf6 54. Rxb4 Kg7 (54... Ke5 $142 55. a4 Rc5) 55. Rb7+ Kf6 56. Rf7+ Ke5 57. Rf5+ Kd6 $2 {[%emt 0:00:19] [#]} (57... Kd4 58. Rb5 Bh4 59. Rb4+ Ke5) 58. Rxg5 $1 hxg5 (58... Rc1 59. Rg6+) 59. h6 {[%emt 0:00:02] Weighted Error Value: White=0.15 (very precise) /Black=0.16 (very precise)} 1-0

[Event "Croatian 1A League 2022"]
[Site "Porec"]
[Date "2022.09.28"]
[Round "5.24"]
[White "Cvitan, Ognjen"]
[Black "Zovko, Mario"]
[Result "1-0"]
[ECO "D30"]
[WhiteElo "2445"]
[BlackElo "2306"]
[Annotator "TA"]
[PlyCount "85"]
[EventDate "2022.09.24"]
[EventType "team-tourn"]
[EventCountry "CRO"]
[SourceTitle "playchess.com"]
[Source "ChessBase"]
[SourceQuality "1"]
[TimeControl "40/5400+30:1800+30"]

1. d4 d5 2. c4 e6 3. Nf3 c5 4. cxd5 exd5 5. g3 Nf6 6. Bg2 Be7 7. O-O O-O 8. dxc5 Bxc5 9. a3 {[%emt 0:00:50] D30: Queen's Gambit Declined: Systems without Nc3.} h6 10. Nc3 a5 11. e3 {[%emt 0:06:04] White is slightly better.} Nc6 12. b3 Be6 13. Bb2 Qe7 {[%emt 0:03:08] [#]} 14. Nb5 $146 ({Predecessor:} 14. Ne2 Ne4 15. Nf4 Rfd8 16. Re1 Rac8 17. Nd4 Nf6 18. Ndxe6 fxe6 19. Bh3 Rd6 20. Rc1 {½-½ (53) Horvath,J (2522)-Exler,V (2157) Aschach 2017}) 14... Rfd8 15. Rc1 Ne4 16. Nfd4 Rac8 (16... Nxd4 $11 17. Nxd4 Bxa3 18. Nxe6 fxe6 19. Bxa3 Qxa3) 17. Nxe6 $14 Qxe6 18. Qh5 {[%emt 0:03:03] Hoping for Bxe4.} Ne7 $1 19. Bd4 Bxd4 ({Better is} 19... b6 $14) 20. Nxd4 $16 Qb6 21. Bxe4 dxe4 22. Qe5 Nc6 23. Nxc6 {[%emt 0:00:15] White is more active.} (23. Rxc6 {seems wilder.} Rxc6 24. Nxc6 bxc6 25. Rb1) 23... Rxc6 24. Rxc6 Qxc6 25. Qxa5 $14 {[%emt 0:00:24][%mdl 4096] Endgame KQR-KQR} Rd3 26. b4 $1 b5 27. Ra1 (27. Qa7 $16) 27... Kh7 (27... Rd2 $11) 28. Kg2 (28. a4 $16) 28... Qf6 $11 29. Rf1 Qc6 30. h4 h5 (30... Qd7 $11) 31. a4 $1 $16 Rd5 {[%emt 0:00:58] [#]} (31... bxa4 $142 32. Qxh5+ (32. Ra1 Qg6 $16) 32... Kg8) 32. axb5 ({White should play} 32. Qa7 $1) 32... Rxb5 {[%emt 0:00:05] [#]} (32... Qf6 $16) 33. Rc1 $3 $18 Qd5 (33... Qd7 34. Qa4) 34. Qc7 {[%emt 0:00:35] Threatens to win with Rc5.} Qf5 {[%emt 0:00:24] [#]} 35. Qc4 $2 ({Only move:} 35. Qd6 $1 $18) 35... Kg6 (35... g5 $11) 36. Kg1 Kh7 37. Rd1 Re5 (37... Rb8 {keeps fighting.} 38. Qb3 Rb6) 38. Rd8 Rb5 39. Re8 Re5 $2 (39... Rd5 40. Rxe4 (40. Qxe4 Qxe4 41. Rxe4 Rd1+ 42. Kg2 Rb1 $18) 40... Rd1+ 41. Kg2 Rc1) 40. Rxe5 {[%emt 0:00:00] White is clearly winning.} Qxe5 41. Qxf7 {[%emt 0:01:13] Qd7 is the strong threat.} Qb5 {[%emt 0:00:38] Against Qd7} 42. Qe7 {[%emt 0:00:41] And now Qc5 would win.} Qd3 43. Kg2 {[%emt 0:00:43] Weighted Error Value: White=0.17 (very precise) /Black=0.36} 1-0

[Event "Croatian 1A League 2022"]
[Site "Porec"]
[Date "2022.09.28"]
[Round "5.25"]
[White "Fedorchuk, Sergey A."]
[Black "Motylev, Alexander"]
[Result "1/2-1/2"]
[ECO "C67"]
[WhiteElo "2617"]
[BlackElo "2635"]
[Annotator "TA"]
[PlyCount "38"]
[EventDate "2022.09.24"]
[EventType "team-tourn"]
[EventCountry "CRO"]
[SourceTitle "playchess.com"]
[Source "ChessBase"]
[SourceQuality "1"]
[TimeControl "40/5400+30:1800+30"]

1. e4 e5 2. Nf3 Nc6 3. Bb5 Nf6 4. O-O Nxe4 5. Re1 Nd6 6. Nxe5 Be7 7. Bf1 Nf5 {[%emt 0:00:19] C67: Ruy Lopez: Berlin Defence: 4 0-0 Nxe4.} 8. Nf3 O-O 9. d4 d5 10. c3 Bd6 11. Nbd2 h6 12. Bd3 Be6 13. Nf1 {[%emt 0:00:45] [#]  Weighted Error Value: White=0.02 (flawless) /Black=0.05 (flawless)} {Predecessor:} Qf6 $146 14. Bc2 Rfe8 15. Qd3 g6 16. Bd2 a6 17. Re2 Bd7 18. Rae1 Rxe2 19. Qxe2 Re8 {½-½ (97) Swiercz,D (2645)-Baryshpolets,A (2578) New York 2017} 1/2-1/2

[Event "Croatian 1A League 2022"]
[Site "Porec"]
[Date "2022.09.28"]
[Round "5.26"]
[White "Postny, Evgeny"]
[Black "Bernadskiy, Vitaliy"]
[Result "1/2-1/2"]
[ECO "E14"]
[WhiteElo "2573"]
[BlackElo "2558"]
[Annotator "TA"]
[PlyCount "36"]
[EventDate "2022.09.24"]
[EventType "team-tourn"]
[EventCountry "CRO"]
[SourceTitle "playchess.com"]
[Source "ChessBase"]
[SourceQuality "1"]
[TimeControl "40/5400+30:1800+30"]

1. d4 Nf6 2. c4 e6 3. Nf3 d5 4. Nc3 Nbd7 5. e3 a6 6. b3 b6 7. Bd3 Bb7 8. O-O Bd6 9. Bb2 O-O {[%emt 0:00:26] The position is equal.} 10. a3 {[%emt 0:15:06] E14: Queen's Indian: Classical Variation (4 e3).} c5 11. cxd5 exd5 12. Ne2 {[%emt 0:02:32] [#] Not much happened in this game.  Weighted Error Value: White=0.00 (flawless) /Black=0.01 (flawless)} {Predecessor:} c4 $146 13. bxc4 dxc4 14. Bxc4 Bxf3 15. gxf3 Bxh2+ 16. Kg2 Bb8 17. Rh1 b5 18. Bb3 Re8 {1-0 (28) Lein,A (2505)-Regan,K (2430) Pasadena 1978} 1/2-1/2